 Dungeon Crawl Stone Soup version 0.24-a0-250-g6074511 (webtiles) character file.

Game seed: 10702074134320319127

9 Hylith the Grave Robber (level 2, -2/24 HPs)
             Began as a Deep Dwarf Necromancer on Apr 14, 2019.
             Slain by a kobold
             ... wielding a +0 whip
              (7 damage)
             ... on level 1 of the Dungeon.
             The game lasted 00:01:00 (213 turns).

Hylith the Grave Robber (Deep Dwarf Necromancer)     Turns: 213, Time: 00:01:01

Health: -2/24      AC:  2    Str: 11    XL:     2   Next: 6%
Magic:  3/5        EV: 12    Int: 15    God:
Gold:   44         SH:  0    Dex: 13    Spells: 4/5 levels left

rFire    . . .     SeeInvis .   f - +0 spear
rCold    . . .     Gourm    .   (no shield)
rNeg     . . .     Faith    .   a - +0 robe
rPois    .         Spirit   .   (no helmet)
rElec    .         Reflect  .   (no cloak)
rCorr    .         Harm     .   (no gloves)
MR       .....                  (no boots)
Stlth    ++........             (no amulet)
HPRegen  0.00/turn              (no ring)
MPRegen  0.09/turn              (no ring)

@: non-regenerating
A: damage resistance, heal wounds, sense surroundings 1, no regeneration
a: Heal Wounds


You were on level 1 of the Dungeon.
You were not hungry.

You visited 1 branch of the dungeon, and saw 1 of its levels.

You collected 44 gold pieces.

Inventory:

Hand Weapons
 d - a +0 dagger
 f - a +0 spear (weapon)
Armour
 a - a +0 robe (worn)
Scrolls
 e - 3 scrolls of fear {unknown}
 h - a scroll of amnesia {unknown}
Potions
 g - a potion of ambrosia {unknown}
Comestibles
 b - 3 chunks of flesh
 c - a ration


   Skills:
 + Level 0.7 Fighting
 - Level 2.1 Dodging
 - Level 2.4 Stealth
 + Level 2.0 Spellcasting
 + Level 4.5 Necromancy


You had 4 spell levels left.
You knew the following spells:

 Your Spells              Type           Power        Failure   Level  Hunger
a - Pain                  Necr           ###.         3%          1    #......

Your spell library contained the following spells:

 Spells                   Type           Power        Failure   Level  Hunger
 Animate Skeleton         Necr           N/A          3%          1    #......
 Vampiric Draining        Necr           ###.......   10%         3    ###....
 Animate Dead             Necr           N/A          32%         4    #####..
 Regeneration             Chrm/Necr      Unusable     N/A         3    N/A

Dungeon Overview and Level Annotations

Branches:
Dungeon (1/15)

Altars:


Innate Abilities, Weirdness & Mutations

You are resistant to damage.
You can heal yourself by infusing magical energy.
You passively map a small area around you.
You do not regenerate.


Message History

You kill the hobgoblin!
You have reached level 2!
The bat hits you but does no damage. The kobold hits you but does no damage.
The hobgoblin hits you. The kobold hits you.
* * * LOW HITPOINT WARNING * * *
You hit the goblin.
The goblin is severely wounded.
The hobgoblin barely misses you. The kobold completely misses you.
The goblin hits you with a +0 dagger.
* * * LOW HITPOINT WARNING * * *
The kobold closely misses you.
Unknown command.
You hit the goblin.
You kill the goblin!
The hobgoblin closely misses you. The kobold barely misses you. x3
Unknown command.
You barely miss the goblin. The kobold closely misses you.
The hobgoblin closely misses you. The goblin hits you but does no damage.
The kobold hits you with a +0 whip!
You die...

.... * #..#
....#..#......#
.#..g....##...##
...###...##....#
.............#.#
....#........#.#
...##........#.#
...##...%....#.####
...............g@K#
...............KKg#
..###..?........b.#
..# #.............#
..................#
...##.......##....#
#......####.#.....#
..###### #.#.....#
# # *


You could see a hobgoblin, a goblin, a bat and 3 kobolds.

Vanquished Creatures
  A bat (D:1)
  A goblin (D:1)
  3 hobgoblins (D:1)
  A frilled lizard (D:1)
  2 kobolds (D:1)
8 creatures vanquished.

Notes
Turn   | Place    | Note
-------+----------+-------------------------------------------
     0 | D:1      | Hylith the Deep Dwarf Necromancer began the quest for the
                  | Orb.
     0 | D:1      | Reached XP level 1. HP: 15/15 MP: 3/3
   210 | D:1      | Reached XP level 2. HP: 9/24 MP: 3/5
   213 | D:1      | Slain by a kobold

Levels and vault maps discovered:
D:1:      saegor_arrival_simple_b, layout_rooms, hex_intersection

Skill      XL: |  1 |
---------------+----+-----
Spellcasting   | 2 |  2.0
Fighting       | |  0.7
Dodging        | |  2.1
Stealth        | |  2.4
Necromancy     | |  4.5

Action                   || total
-------------------------++-------
Melee: Spear             ||    26
       Unarmed           ||     6
 Cast: Pain              ||     8
Armor: Robe              ||    11
Dodge: Dodged            ||    52

Table legend:
 A = Non-vault XP
 B = Vault XP
 C = Vault XP percentage of total XP
 D = Non-vault monster count
 E = Vault monster count
 F = Vault count percentage of total count
                 A         B        C        D         E       F
            +---------+---------+-------+---------+---------+-------
      Total |      14 |       0 |   0.0 |       8 |       0 |   0.0
            +---------+---------+-------+---------+---------+-------
        D:1 |      14 |       0 |   0.0 |       8 |       0 |   0.0
            +---------+---------+-------+---------+---------+-------
